Map: Submarine LE

Players

Azure - Winner!

  • Race: Terran Terran
  • League: Grandmaster
  • Spawn Location: 11:00

MèoMáiKà (MeomaikA)

  • Race: Zerg Zerg
  • League: Grandmaster
  • Spawn Location: 5:00

Event: DreamHack SC2 Masters 2020 Winter

VOD

Have the link to the VOD?

Description

Time

  • Played on: Oct. 21, 2020, 7:41 a.m.
  • Length: 16:32

All games in this series

Show
View Real Time Build Order
Export as new Build Order

Azure Terran - Winner!

Build Orders: 2 Factory, Reaper Expand 

Get SALT Encoding   

  12  0:01  SCV  
  13  0:13  SCV  
  14  0:17  Supply Depot  
  14  0:25  SCV  
  15  0:38  SCV  
  15  0:40  Barracks  
  16  0:42  Refinery  
  16  0:50  SCV  
  17  1:02  SCV  
  18  1:14  SCV  
  19  1:27  Reaper, Orbital Command  
  20  1:42  Command Center  
  20  1:55  SCV  
  20  1:59  Marine  
  22  2:01  Supply Depot  
  22  2:07  SCV  
  22  2:10  Factory  
  22  2:18  Refinery  
  22  2:19  Barracks Reactor, SCV  
  23  2:31  SCV  
  24  2:44  SCV  
  25  2:55  Orbital Command, Starport  
  25  2:56  SCV  
  25  3:07  Hellion x2  
  25  3:08  SCV  
  30  3:17  Factory  
  30  3:19  Marine  
  31  3:20  SCV  
  31  3:21  SCV  
  33  3:30  Hellion  
  33  3:31  Hellion  
  33  3:33  SCV  
  39  3:37  Viking  
  39  3:39  SCV  
  41  3:44  Supply Depot  
  41  3:45  SCV  
  42  3:51  SCV  
  43  3:57  SCV  
  43  4:02  Hellion  
  43  4:03  SCV  
  43  4:07  Factory Tech Lab  
  43  4:08  Hellion  
  46  4:21  Supply Depot x2  
  46  4:26  SCV x2, Medivac  
  46  4:28  Hellion x2  
  54  4:32  Supply Depot  
  54  4:41  Infernal Pre-Igniter  
  54  4:42  SCV x2  
  54  4:44  Supply Depot  
  56  4:48  Hellion  
  56  4:50  Hellion  
  56  4:52  Hellion  
  62  4:54  SCV  
  62  4:55  SCV  
  62  5:06  SCV  
  56  5:07  SCV  
  56  5:09  Liberator  
  56  5:10  Hellion  
  56  5:12  Hellion  
  64  5:18  SCV, Hellion  
  64  5:19  SCV  
  68  5:22  Barracks Tech Lab  
  68  5:31  SCV x2, Hellion  
  68  5:33  Hellion  
  74  5:39  Hellion  
  74  5:40  Command Center  
  76  5:43  SCV  
  76  5:44  SCV  
  78  5:52  Hellion  
  78  5:54  Liberator  
  78  5:55  SCV  
  67  6:33  Supply Depot  
  67  6:34  Supply Depot  
  67  6:42  Stimpack  
  67  6:48  Starport Reactor, Engineering Bay  
  67  6:49  Engineering Bay  
  67  6:50  Barracks  
  67  6:51  Barracks  
  67  6:52  Hellion  
  67  6:53  Orbital Command  
  69  6:54  Supply Depot x2  
  69  6:55  SCV x2, Hellion x2  
  75  7:07  SCV x2  
  77  7:10  Refinery x2, Marine  
  77  7:14  Hellion  
  77  7:17  Hellion  
  77  7:19  SCV x3  
  84  7:30  Hellion  
  84  7:31  SCV x3  
  84  7:35  Hellion  
  89  7:40  Terran Infantry Weapons Level 1, Terran Infantry Armor Level 1  
  89  7:41  Barracks Reactor  
  89  7:44  Starport Reactor  
  89  7:49  SCV  
  76  7:53  Hellion x2  
  76  7:56  Supply Depot  
  64  8:01  Hellion, Marine  
  64  8:05  SCV  
  66  8:06  SCV  
  66  8:11  SCV  
  68  8:14  Hellion x2, Barracks x2  
  68  8:19  Marine x2  
  74  8:21  Marine  
  74  8:22  Hellion  
  74  8:24  Marine x2  
  74  8:26  SCV  
  77  8:42  Supply Depot x2, Orbital Command  
  77  8:43  Supply Depot  
  77  8:58  Armory  
  77  9:04  Medivac x2, Marine x2, Hellion  
  77  9:05  SCV, Hellion x2, Marine  
  77  9:07  Supply Depot, Marine  
  77  9:08  Supply Depot  
  77  9:09  Barracks Reactor x2  
  92  9:11  SCV  
  93  9:29  SCV x3, Widow Mine x2  
  93  9:31  Orbital Command  
  100  9:34  Medivac  
  102  9:41  SCV  
  102  9:42  Marine x2  
  84  9:56  SCV  
  84  9:58  Widow Mine x2  
  84  9:59  SCV x2, Widow Mine  
  92  10:02  Marine x2  
  92  10:03  Supply Depot, Marine x7  
  101  10:10  Supply Depot  
  101  10:13  Terran Infantry Weapons Level 2  
  101  10:14  Supply Depot  
  101  10:16  Terran Infantry Armor Level 2  
  101  10:25  SCV x2, Medivac x2, Marine x2  
  109  10:31  SCV, Marine  
  111  10:36  Supply Depot  
  111  10:37  SCV  
  106  10:47  SCV x2  
  106  10:48  Marine  
  106  10:49  SCV, Marine x6, Widow Mine x2  
  106  10:54  Widow Mine  
  106  10:55  Medivac  
  110  10:59  SCV x2  
  110  11:00  Supply Depot  
  110  11:01  SCV  
  110  11:03  Supply Depot  
  113  11:04  Supply Depot  
  113  11:05  Supply Depot  
  113  11:06  Marine  
  113  11:10  Widow Mine  
  117  11:11  SCV  
  117  11:13  Supply Depot, Widow Mine  
  117  11:16  Widow Mine  
  117  11:17  Marine x3  
  125  11:19  Marine  
  125  11:21  Marine x2  
  125  11:24  SCV x2  
  129  11:30  Medivac x2, Marine  
  129  11:32  Widow Mine  
  135  11:33  Command Center  
  135  11:35  Widow Mine  
  135  11:37  SCV x2  
  139  11:49  SCV x2  
  139  11:51  Refinery, Marine x7  
  139  11:52  Supply Depot x2, Marine, Combat Shield  
  139  11:54  Supply Depot, Marine  
  150  11:59  SCV  
  150  12:00  Supply Depot x2  
  151  12:08  Marine  
  151  12:09  Marine x2  
  151  12:13  Marine x2, Widow Mine  
  151  12:14  Widow Mine, Marine x2  
  156  12:17  SCV  
  156  12:20  Marine x2  
  147  12:26  Marine  
  147  12:27  Marine, Widow Mine  
  147  12:29  Marine  
  142  12:31  Marine  
  142  12:35  SCV x2, Supply Depot, Widow Mine  
  142  12:36  Supply Depot  
  138  12:40  SCV  
  138  12:41  Marine x2  
  138  12:43  Marine  
  138  12:44  Marine  
  142  12:45  Marine  
  142  12:47  SCV x2  
  142  12:52  SCV  
  142  12:58  Supply Depot, Widow Mine  
  143  12:59  SCV x2, Widow Mine  
  143  13:03  Marine  
  143  13:04  SCV  
  149  13:11  SCV x2  
  151  13:13  Supply Depot  
  151  13:15  Widow Mine  
  151  13:16  Liberator x2  
  160  13:20  Widow Mine  
  160  13:23  SCV x2  
  162  13:27  Supply Depot  
  162  13:28  Terran Infantry Weapons Level 3  
  159  13:38  Marine  
  159  13:39  Marine x3  
  163  13:42  Marine x2  
  163  13:45  Widow Mine x2, Siege Tank  
  172  13:49  Marine  
  172  13:53  Command Center  
  171  13:58  Marine  
  171  13:59  Marine  
  173  14:06  Widow Mine  
  173  14:07  Widow Mine  
  173  14:08  Liberator  
  180  14:11  Marine, Liberator  
  184  14:17  Marine  
  185  14:25  Supply Depot x2  
  185  14:27  Siege Tank  
  188  14:33  Drilling Claws  
  188  14:34  Marine x2  
  188  14:35  Marine  
  188  14:37  Marine  
  186  14:39  Marine  
  186  14:42  Marine  
  188  14:59  Marine x4  
  194  15:00  Liberator  
  191  15:17  Marine  
  191  15:18  Marauder  
  192  15:21  Marine  
  192  15:22  Marine  
  192  15:26  Siege Tank  
  192  15:27  Supply Depot  
  195  15:30  Marine  
  193  15:40  Planetary Fortress  
  193  15:43  Marine x2  
  193  15:44  Marine  
  193  15:46  Marine  
  184  16:06  Marine  
  184  16:07  Marauder, Marine x2  
  184  16:08  Marine x2  
  184  16:10  Marine x3  
  146  16:16  SCV x2  
Show
View Real Time Build Order
Export as new Build Order

MèoMáiKà Zerg 

Build Orders: Pool First 

Get SALT Encoding   

  12  0:00  Drone  
  13  0:08  Drone  
  14  0:16  Overlord  
  14  0:23  Drone, Extractor  
  15  0:34  Drone x2  
  17  0:43  Spawning Pool  
  17  0:47  Drone  
  17  1:07  Hatchery  
  17  1:10  Drone  
  17  1:14  Drone  
  17  1:16  Extractor  
  17  1:30  Zergling x4  
  17  1:31  Queen  
  21  1:37  Drone  
  22  1:48  Roach Warren  
  22  1:49  Drone  
  23  2:14  Overlord  
  23  2:15  Metabolic Boost  
  23  2:18  Queen  
  23  2:19  Drone x2  
  23  2:20  Drone  
  28  2:42  Drone x6  
  33  2:47  Drone  
  34  2:53  Drone  
  35  2:58  Drone  
  36  3:09  Overlord  
  36  3:12  Hatchery  
  35  3:14  Overlord  
  35  3:16  Evolution Chamber, Drone  
  35  3:19  Drone  
  36  3:28  Zergling x10  
  36  3:30  Drone  
  36  3:33  Drone  
  43  3:37  Overlord  
  43  3:42  Zerg Melee Weapons Level 1  
  43  3:43  Zergling x2  
  43  3:44  Drone  
  43  3:48  Overlord  
  45  3:57  Drone x2  
  45  3:58  Drone  
  45  4:00  Drone  
  45  4:01  Drone x2  
  45  4:02  Drone, Extractor  
  50  4:07  Lair  
  48  4:12  Drone, Baneling Nest  
  48  4:18  Drone x3  
  48  4:21  Overlord  
  51  4:24  Zergling x4  
  51  4:28  Zergling x2  
  51  4:31  Queen  
  56  4:37  Zergling x6  
  56  4:38  Zergling x2  
  60  4:39  Zergling x2  
  60  4:42  Zergling x2  
  62  4:46  Zergling x2  
  62  4:49  Zergling x2, Overlord  
  64  4:55  Zergling x2  
  64  4:56  Zergling x4  
  66  5:02  Drone  
  66  5:04  Drone  
  66  5:06  Drone  
  66  5:07  Drone  
  68  5:08  Queen  
  68  5:09  Drone  
  68  5:13  Drone x2  
  73  5:16  Centrifical Hooks  
  73  5:17  Overlord  
  73  5:18  Drone, Extractor  
  73  5:20  Spore Crawler  
  72  5:29  Zergling x2  
  72  5:31  Overlord  
  72  5:32  Baneling x11  
  73  5:36  Spore Crawler  
  73  5:38  Zergling x6  
  73  5:39  Zergling x2  
  73  5:40  Spore Crawler  
  73  5:41  Zergling x2  
  77  5:43  Zergling x2  
  77  5:45  Zergling x4  
  77  5:47  Zergling x2  
  81  5:50  Zergling x2  
  81  5:53  Zergling x4  
  81  5:54  Zergling x2  
  81  5:55  Zergling x2  
  78  5:59  Zergling x2  
  78  6:00  Zergling x2  
  72  6:05  Zergling x2  
  72  6:08  Zergling x2  
  72  6:09  Zergling x2  
  72  6:10  Zergling x4  
  71  6:11  Zergling x2  
  71  6:14  Overlord  
  64  6:20  Drone  
  64  6:23  Drone  
  64  6:25  Queen, Drone  
  65  6:28  Baneling x7  
  65  6:31  Zergling x2  
  68  6:34  Baneling x3  
  68  6:36  Zergling x4  
  70  6:41  Zergling x2  
  71  6:48  Zergling x6  
  71  6:49  Zergling x8  
  78  6:59  Zergling x4  
  80  7:02  Zergling x4  
  80  7:03  Zergling x4  
  80  7:05  Zergling x2  
  85  7:10  Drone  
  85  7:20  Zergling x8  
  82  7:26  Zergling x14  
  82  7:28  Zergling x2  
  82  7:29  Zergling x2  
  84  7:31  Zergling x2  
  85  7:39  Drone  
  83  7:44  Zergling x2  
  83  7:45  Zergling x2  
  83  7:46  Zergling x8  
  83  7:47  Zergling x2  
  83  7:48  Zergling x2  
  83  7:50  Zergling x2  
  86  7:52  Zergling x4  
  86  7:53  Zergling x2  
  86  7:54  Overlord, Zerg Melee Weapons Level 2  
  86  7:57  Zergling x2  
  86  8:02  Baneling x3  
  86  8:03  Drone  
  86  8:06  Drone  
  86  8:11  Drone x2  
  89  8:14  Drone x2  
  89  8:15  Drone  
  89  8:16  Baneling x3  
  91  8:24  Overlord  
  91  8:25  Zergling x4  
  93  8:36  Hatchery  
  93  8:38  Drone x4  
  93  8:41  Overlord x4  
  92  8:49  Baneling x3  
  92  8:50  Zergling x12, Baneling x2  
  98  8:56  Spine Crawler  
  98  8:57  Zergling x2  
  98  8:59  Zergling x2  
  98  9:01  Zergling x2  
  98  9:02  Spine Crawler  
  99  9:06  Drone  
  99  9:08  Extractor  
  99  9:10  Overlord  
  99  9:13  Drone x3  
  99  9:14  Drone x2  
  99  9:16  Overlord  
  104  9:18  Zergling x4  
  104  9:19  Zergling x4  
  108  9:28  Zergling x4  
  108  9:29  Zergling x4  
  107  9:36  Zergling x2  
  99  9:38  Zergling x4  
  99  9:42  Zergling x2  
  99  9:43  Baneling  
  99  9:44  Zergling x2, Baneling x13  
  90  9:46  Zergling x2  
  90  9:49  Zergling x2  
  88  9:53  Zergling x2  
  88  9:54  Zergling x6  
  88  9:55  Zergling x10  
  95  10:02  Zergling x2  
  95  10:03  Zergling x2, Baneling x2  
  95  10:05  Zergling x2  
  98  10:07  Zergling x2  
  98  10:11  Zerg Ground Armor Level 1  
  98  10:12  Zergling x2  
  98  10:13  Zergling x2  
  101  10:14  Zergling x2  
  101  10:17  Zergling x2  
  101  10:20  Zergling x4, Hatchery  
  104  10:24  Zergling x2  
  104  10:27  Zergling x2  
  104  10:28  Zergling x6  
  107  10:30  Zergling x2  
  107  10:33  Zergling x2  
  86  10:43  Zergling x2  
  86  10:46  Zergling x10  
  86  10:48  Zergling x4  
  86  10:49  Zergling x2  
  85  10:52  Zergling x2  
  85  10:56  Zergling x6  
  89  10:57  Drone x2  
  89  10:58  Drone  
  89  10:59  Drone x2  
  89  11:00  Zergling x2, Overseer  
  95  11:04  Zergling x2  
  95  11:07  Zergling x4  
  95  11:08  Zergling x2  
  95  11:09  Zergling x2  
  95  11:10  Zergling x2  
  94  11:13  Drone  
  94  11:15  Overlord  
  94  11:16  Roach Warren  
  94  11:20  Drone x2  
  94  11:25  Zergling x8  
  97  11:28  Zergling x6  
  97  11:30  Baneling x10  
  97  11:31  Zergling x8  
  97  11:32  Zergling x2  
  105  11:33  Baneling x5  
  105  11:35  Zergling x2  
  105  11:36  Zergling x2  
  105  11:39  Zergling x6  
  110  11:41  Zergling x2  
  110  11:42  Extractor  
  110  11:43  Zergling x2  
  110  11:44  Zergling x2  
  112  11:48  Zergling x2  
  112  11:49  Zergling x2  
  112  11:50  Zergling x2  
  115  11:56  Zergling x14  
  115  11:58  Zergling x2  
  117  12:10  Zergling x2  
  117  12:11  Zergling x22  
  107  12:15  Zergling x2  
  107  12:16  Zergling x2  
  107  12:18  Zergling x2  
  107  12:20  Zergling x4  
  96  12:23  Zergling x2  
  96  12:24  Zergling x2  
  96  12:25  Zergling x4  
  96  12:26  Zergling x2  
  96  12:27  Zergling x2  
  96  12:29  Zergling x2  
  87  12:31  Zergling x2  
  87  12:33  Zergling x2  
  81  12:38  Drone x3  
  81  12:43  Roach  
  85  12:45  Glial Reconstitution  
  85  12:49  Roach  
  87  12:53  Roach  
  87  12:55  Drone  
  87  12:56  Drone  
  90  13:00  Baneling  
  90  13:01  Baneling x4  
  90  13:05  Baneling x2  
  90  13:06  Baneling x4  
  90  13:09  Roach  
  90  13:12  Roach  
  96  13:13  Roach  
  96  13:16  Baneling  
  96  13:17  Baneling x4  
  96  13:19  Roach  
  98  13:23  Roach x2  
  98  13:24  Roach  
  98  13:26  Roach  
  106  13:28  Roach  
  106  13:30  Roach  
  99  13:37  Roach x4  
  99  13:39  Roach  
  99  13:40  Drone  
  107  13:41  Drone  
  107  13:43  Drone  
  107  13:48  Zergling x10  
  110  13:50  Drone  
  110  13:51  Zergling x2  
  110  13:53  Zergling x2  
  117  13:58  Ravager x5  
  117  13:59  Ravager x3  
  117  14:00  Ravager  
  117  14:01  Zergling x4  
  117  14:02  Zergling x2  
  129  14:03  Zergling x2  
  129  14:05  Zergling x2, Extractor  
  129  14:07  Zergling x4  
  132  14:11  Spine Crawler  
  132  14:12  Zergling x4  
  132  14:13  Zergling x2  
  132  14:16  Zergling x4  
  136  14:21  Zergling x2  
  136  14:22  Zergling x8, Overseer  
  136  14:24  Zergling x2  
  142  14:26  Zergling x2  
  142  14:29  Zerg Missile Weapons Level 1  
  140  14:42  Zergling x2, Overlord x3  
  141  14:47  Baneling x9  
  141  14:50  Zergling x6  
  141  14:54  Zergling x2  
  141  14:55  Zergling x4  
  141  14:56  Zergling x4  
  141  14:57  Zergling x2  
  144  15:00  Zergling x12  
  144  15:04  Zergling x4  
  144  15:05  Zergling x2  
  144  15:06  Zergling x2  
  154  15:07  Zergling x2  
  154  15:13  Zergling x2  
  153  15:15  Zergling x2  
  152  15:21  Zergling x12  
  152  15:22  Zergling x2  
  152  15:25  Zergling x2  
  159  15:29  Zergling x2  
  159  15:32  Zergling x2  
  159  15:33  Zergling x2  
  157  15:36  Zergling x2  
  157  15:37  Zergling x2  
  157  15:39  Zergling x2  
  157  15:40  Zergling x2, Baneling  
  157  15:41  Baneling x8  
  156  15:43  Zergling x2  
  156  15:48  Zergling x4  
  154  15:50  Zergling x2  
  154  15:55  Spore Crawler  
  153  15:59  Zergling x2  
  153  16:03  Zergling x2  
  117  16:05  Zergling x4  
  117  16:10  Zergling x2  
  117  16:11  Zergling x2  
  72  16:13  Zergling x2  
Tags
 
Add a new tag
Caveats
  • Supply blocks, unpowered buildings, or Contaminate may cause inaccurate times.
  • Supply counts are checked every 10 seconds.